 Dungeon Crawl Stone Soup version 0.30-a0-170-g85af917532 (webtiles) character file.

Game seed: 3225604514456550628

100 qw the Chopper (level 4, -1/28 HPs)
             Began as a Gargoyle Fighter on Sept 30, 2022.
             Killed by nerve-wracking pain
             ... invoked by an orc priest
              (5 damage)
             ... on level 3 of the Dungeon.
             The game lasted 00:00:41 (2171 turns).

qw the Chopper (Gargoyle Fighter)                   Turns: 2171, Time: 00:00:42

Health: -1/28      AC: 13    Str: 21    XL:     4   Next: 73%
Magic:  4/4        EV:  9    Int:  9    God:
Gold:   72         SH:  4    Dex:  9    Spells: 3/3 levels left

rFire   . . .      SeeInvis .    Y - +0 war axe
rCold   . . .      Faith    .    c - +0 buckler
rNeg    + . .      Spirit   .    b - +0 scale mail
rPois   inf        Reflect  .    (no helmet)
rElec   +          Harm     .    (no cloak)
rCorr   .          Rampage  .    (no gloves)
Will    .....                    h - +2 pair of boots
Stlth   ..........               (no amulet)
HPRegen 0.09/turn                (no ring)
MPRegen 0.09/turn                (no ring)

@: no status effects
A: sickness immunity, AC +3, negative energy resistance 1, electricity
resistance, torment resistance 1, petrification resistance
a: no special abilities


You were on level 3 of the Dungeon.
You visited 1 branch of the dungeon, and saw 3 of its levels.

You collected 92 gold pieces.
You spent 20 gold pieces at shops.


Innate Abilities, Weirdness & Mutations

You are immune to sickness and miasma.
Your stone body is resilient. (AC +3)
You are immune to poison.
You resist negative energy. (rN+)
You are resistant to electric shocks. (rElec)
You are resistant to unholy torment.
You are immune to petrification.


   Skills:
 - Level 3.2 Fighting
 + Level 4.3 Axes
 - Level 3.2 Armour
 - Level 3.2 Shields


You had 3 spell levels left.
You didn't know any spells.
Your spell library was empty.

Inventory:

Hand Weapons
 i - a +0 mace
 Y - a +0 war axe (weapon)
Missiles
 g - 3 boomerangs (quivered)
Armour
 b - a +0 scale mail (worn)
 c - a +0 buckler (worn)
 h - a +2 pair of boots (worn)
Scrolls
 a - 5 scrolls of identify
 f - a scroll of teleportation {unknown}
Potions
 d - a potion of might
 e - a potion of mutation

Dungeon Overview and Level Annotations

Branches:
Dungeon (3/15)

Altars:

Shops:
D:1 *


Message History

A river rat comes into view.
Enter note: Throw: 3 boomerangs
Press: ? - help, Q - select action Shift-Dir - straight line, f - orc You throw a boomerang.
The boomerang hits the orc.
You kill the orc!
An orc comes into view. It is wielding a +2 mace of protection.
A river rat comes into view.
2163 ||| Stepping ~*~*~tactically~*~*~ (stealth).
A worm comes into view.
The orc shouts!
Throw: 3 boomerangs
Press: ? - help, Q - select action Shift-Dir - straight line, f - river rat You throw a boomerang.
The boomerang hits the river rat but does no damage.
An orc priest comes into view. It is wielding a +0 falchion.
The orc priest shouts!
You hit the river rat but do no damage. The river rat barely misses you.
You slash the river rat!
The river rat is severely wounded.
The river rat misses you.
The orc priest invokes the aid of Beogh against you.
Beogh smites you! You block the orc's attack.
The river rat bites you but does no damage.
You slash the river rat!
You kill the river rat!
You slash the orc!
You kill the orc!
The orc priest looks satisfied for a moment.
You barely miss the river rat.
The river rat bites you but does no damage.
You closely miss the river rat. The river rat bites you!
You hit the river rat.
The river rat is lightly wounded.
The river rat barely misses you. The river rat bites you.
The orc priest invokes the aid of Beogh against you.
Pain shoots through your body!
You die...

########### ####
..........############...
..........##.............
..........##.............
#........##.............
#..................%#...
##.....#....%......#...
#.....#...........#...
#...r@#...........#...
#...)w#...........#...
##.o.##...........#...
#....##...........####
......##........... ###
..#...)# .....##..
........ ......... ......
##.##.#.. ........#


You could see a worm, an orc priest and a river rat.

Vanquished Creatures
  4 adders
  A river rat (D:3)
  2 worms
  3 dart slugs (D:2)
  2 orcs (D:3)
  4 endoplasms (D:1)
  2 giant cockroaches (D:1)
  3 goblins (D:1)
  3 hobgoblins
  2 jackals (D:3)
  4 kobolds
  A quokka (D:2)
  A ball python (D:3)
  2 bats (D:1)
  4 frilled lizards
  7 rats
45 creatures vanquished.

Vanquished Creatures (others)
  4 toadstools (D:1)
4 creatures vanquished.

Grand Total: 49 creatures vanquished

Notes
Turn   | Place    | Note
-------+----------+-------------------------------------------
     0 | D:1      | qw the Gargoyle Fighter began the quest for the Orb.
     0 | D:1      | Reached XP level 1. HP: 14/14 MP: 1/1
     0 | D:1      | 0 ||| qw: Version: 0.2-a-12-gaebbb33
     0 | D:1      | 0 ||| qw: Game counter: 1480
     0 | D:1      | 0 ||| qw: Always use a shield: true
     0 | D:1      | 0 ||| qw: God list: Okawaru
     0 | D:1      | 0 ||| qw: Allow faded altars: false
     0 | D:1      | 0 ||| qw: Do Orc after D:15 true
     0 | D:1      | 0 ||| qw: Do second Lair branch before Depths: true
     0 | D:1      | 0 ||| qw: Lair rune preference: random
     0 | D:1      | 0 ||| qw: Plans: Normal, Zot:1-4, God:TSO, Crypt, Tomb,
                  | Pan, Slime:5, Hells, Abyss, Orb
     0 | D:1      | 0 ||| PLANNING D:1-11
   130 | D:1      | Reached skill level 2 in Axes
   326 | D:1      | Reached XP level 2. HP: 16/19 MP: 2/2
   519 | D:1      | Found Nomakus's Assorted Antiques.
   529 | D:1      | 529 ||| BUYING scroll labelled OHU RUOQUSCH (20 gold).
   529 | D:1      | Bought a scroll labelled OHU RUOQUSCH for 20 gold pieces
   529 | D:1      | 529 ||| SHOPLISTING scroll labelled OHU RUOQUSCH (20 gold,
                  | have 4).
   529 | D:1      | 529 ||| SHOPLISTING scroll labelled ZEISKE TOOSO (20 gold,
                  | have 4).
   529 | D:1      | 529 ||| SHOPLISTING thin blue amulet (100 gold, have 4).
   529 | D:1      | 529 ||| DROPPING +0 club.
   607 | D:1      | 607 ||| Stepping ~*~*~tactically~*~*~ (stealth).
   844 | D:1      | 844 ||| UPGRADING to +2 pair of boots.
   849 | D:1      | 849 ||| READING 4 scrolls labelled OHU RUOQUSCH.
   850 | D:1      | 850 ||| READING scroll labelled VAUSTR PONYNK.
   874 | D:2      | Reached skill level 3 in Axes
   874 | D:2      | Reached XP level 3. HP: 15/23 MP: 3/3
   874 | D:2      | 874 ||| STAIRDANCE
  1329 | D:2      | Found a faded altar of an unknown god.
  1384 | D:2      | 1384 ||| Stepping ~*~*~tactically~*~*~ (hiding).
  1557 | D:2      | 1557 ||| Stepping ~*~*~tactically~*~*~ (hiding).
  1689 | D:2      | Reached XP level 4. HP: 28/28 MP: 4/4
  1824 | D:2      | Reached skill level 4 in Axes
  1919 | D:2      | 1919 ||| READING scroll labelled ITHREMPOIKH.
  1920 | D:2      | 1920 ||| READING 5 scrolls of identify.
  1920 | D:2      | 1920 ||| IDENTIFYING grey potion
  1960 | D:3      | 1960 ||| PLANNING SEWER
  2163 | D:3      | 2163 ||| Stepping ~*~*~tactically~*~*~ (stealth).
  2171 | D:3      | HP: 4/28 [river rat (4)]
  2171 | D:3      | Killed from afar by an orc priest

Levels and vault maps discovered:
D:1:      ldierk_water_garden, layout_basic, serial_shops,
          nicolae_shop_temple_entry_statues_fountains, minmay_tripent
D:2:      layout_loops_ring, hellmonk_ecumenical_altar_prayer_group,
          amcnicky_mini_rare_corridor_liquid, serial_bayou_crossing
D:3:      layout_basic, lightli_sewer_entry_pipes

Skill      XL: |  1  2  3  4 |
---------------+-------------+-----
Axes           | 2 3 4 |  4.3
Fighting       | |  3.2
Armour         | |  3.2
Shields        | |  3.2

Action                   |  1- 3 |  4- 6 || total
-------------------------+-------+-------++-------
Melee: War axe           |   104 |    23 ||   127
Throw: Boomerang         |       |    13 ||    13
  Use: Scroll            |     2 |     2 ||     4
Armor: Scale mail        |    54 |     9 ||    63
Dodge: Dodged            |    45 |     9 ||    54
Block: Buckler           |    14 |     3 ||    17

Table legend:
 A = Non-vault XP
 B = Vault XP
 C = Vault XP percentage of total XP
 D = Non-vault monster count
 E = Vault monster count
 F = Vault count percentage of total count
                 A         B        C        D         E       F
            +---------+---------+-------+---------+---------+-------
      Total |     127 |      16 |  11.2 |      42 |       3 |   6.7
            +---------+---------+-------+---------+---------+-------
        D:1 |      25 |       3 |  10.7 |      15 |       2 |  11.8
        D:2 |      71 |       0 |   0.0 |      18 |       0 |   0.0
        D:3 |      31 |      13 |  29.5 |       9 |       1 |  10.0
            +---------+---------+-------+---------+---------+-------
